 Dungeon Crawl Stone Soup version 0.23-a0-701-gd76f34b (console) character file.

1073 Duffy the Conjurer (level 8, 52/52 HPs)
             Began as a Demonspawn Fire Elementalist on Jan 12, 2019.
             Quit the game on level 6 of the Dungeon.
             The game lasted 00:08:00 (7572 turns).

Duffy the Conjurer (Demonspawn Fire Elementalist)   Turns: 7572, Time: 00:08:01

Health: 52/52      AC:  9    Str: 10    XL:     8   Next: 7%
Magic:  14/14      EV: 11    Int: 18    God:
Gold:   110        SH:  0    Dex: 13    Spells: 2/15 levels left

rFire    . . .     SeeInvis .   g - +0 spear
rCold    + . .     Gourm    .   (no shield)
rNeg     . . .     Faith    .   i - +1 leather armour {rPois}
rPois    +         Spirit   .   y - +2 hat
rElec    .         Reflect  .   B - +0 cloak
rCorr    .         Harm     +   (no gloves)
MR       .....                  (no boots)
Stlth    +++.......             x - amulet of harm
HPRegen  0.17/turn              k - ring of protection from cold
MPRegen  0.14/turn              A - ring of flight

@: no status effects
A: horns 1, iridescent scales 1, nightstalker 1
a: Evoke Flight


You were on level 6 of the Dungeon.
You were not hungry.

You visited 1 branch of the dungeon, and saw 6 of its levels.
You also visited: Sewer.

You collected 376 gold pieces.
You spent 266 gold pieces at shops.

Inventory:

Hand Weapons
 g - a +0 spear (weapon)
Armour
 a - a +0 robe
 i - a +1 leather armour of poison resistance (worn)
 u - a +0 ring mail of poison resistance
 y - a +2 hat (worn)
 B - a +0 cloak (worn)
 C - a +0 helmet
Jewellery
 k - a ring of protection from cold (left hand)
 x - an amulet of harm (around neck)
 A - a ring of flight (right hand)
Wands
 s - a wand of iceblast (5)
Scrolls
 b - a scroll of magic mapping {unknown}
 d - 5 scrolls of identify
 m - 2 scrolls of remove curse
 n - a scroll of random uselessness {unknown}
 q - a scroll of amnesia {unknown}
 w - 4 scrolls of immolation {unknown}
 D - a scroll of silence {unknown}
Potions
 e - 4 potions of invisibility
 f - a potion of resistance {unknown}
 h - 3 potions of cancellation
 j - 3 potions of degeneration
 l - 2 potions of lignification
 p - a potion of might {unknown}
 r - a potion of curing
 t - a potion of heal wounds {unknown}
 v - a potion of agility
 z - a potion of brilliance {unknown}
Comestibles
 c - 12 rations
 o - 3 chunks of flesh


   Skills:
 - Level 1.7 Dodging
 - Level 1.7 Stealth
 - Level 4.0 Spellcasting
 + Level 6.3 Conjurations
 + Level 6.0 Fire Magic


You had 2 spell levels left.
You knew the following spells:

 Your Spells              Type           Power        Failure   Level  Hunger
h - Flame Tongue          Conj/Fire      ####.        1%          1    None
j - Sticky Flame          Conj/Fire      ####....     16%         4    ####...
k - Fireball              Conj/Fire      ####......   41%         5    ######.
l - Conjure Flame         Conj/Fire      ####....     4%          3    ###....

Your spell library contained the following spells:

 Spells                   Type           Power        Failure   Level  Hunger
 Throw Flame              Conj/Fire      ####..       2%          2    ##.....
 Inner Flame              Hex/Fire       ##......     17%         3    ###....


Dungeon Overview and Level Annotations

Branches:
Dungeon (6/15)
 Temple: D:4-7

Altars:
Dithmenos
Fedhas
Makhleb
Ru
Uskayaw
Vehumet

Shops:
D:4 }!


Innate Abilities, Weirdness & Mutations

You have a pair of small horns on your head.
You are partially covered in iridescent scales. (AC +2)
You are slightly more attuned to the shadows.


Message History

o - 5 chunks of flesh (gained 4)
Things that are here:
a +0 halberd; a +0 chain mail; an orc skeleton Magic restored.
Some of the chunks of flesh in your inventory have rotted away.
HP restored.
There is an open door here.
You see here a stone.
There is an open door here.
You see here a stone.
You see here a stone.
There is a stone staircase leading up here.
You open the door.
There is an open door here.
You open the door.
There is an open door here.
Eating one of 4 chunks of flesh.
You eat one of the 4 chunks of flesh.
This raw flesh tastes terrible.
Done exploring.
Are you sure you want to abandon this character and quit the game? (Confirm with "yes".)

...#
#.....#
...#
#.....#
####
#####.....#
#.........#
#.........#
#.........#
#.........#
#.........#
#...@.....#
#.........#
#.........#
#.........#
#.........#
#.........#
#.........#
#.........#
###########


There were no monsters in sight!

Vanquished Creatures
  An orc warrior (D:6)
  Purgy (Sewer)
  An ice beast (D:5)
  A phantom (D:5)
  A centaur (D:6)
  An ogre (D:6)
  A bullfrog (D:6)
  A scorpion (D:5)
  A howler monkey (D:5)
  2 hounds
  An orc wizard (D:6)
  A centaur skeleton (D:4)
  2 worker ants (D:4)
  A howler monkey skeleton (D:5)
  10 adders
  A shadow imp (D:4)
  A worm (D:2)
  6 leopard geckos
  3 orcs
  11 bats
  6 giant cockroaches
  8 goblins
  2 hobgoblins (D:2)
  21 jackals
  9 kobolds
  A ball python (D:4)
  5 frilled lizards
  2 quokka skeletons
  5 rats
107 creatures vanquished.

Notes
Turn   | Place    | Note
-------+----------+-------------------------------------------
     0 | D:1      | Duffy the Demonspawn Fire Elementalist began the quest for
                  | the Orb.
     0 | D:1      | Reached XP level 1. HP: 13/13 MP: 3/3
   381 | D:1      | Gained mutation: You are partially covered in iridescent
                  | scales. (AC +2) [demonic ancestry]
   381 | D:1      | Reached XP level 2. HP: 19/19 MP: 1/5
  1167 | D:2      | Reached XP level 3. HP: 24/24 MP: 4/6
  1172 | D:2      | Learned a level 3 spell: Conjure Flame
  1276 | D:2      | Found a burning altar of Makhleb.
  1283 | D:2      | Reached XP level 4. HP: 26/30 MP: 1/7
  2094 | D:2      | Found a hide-covered altar of Uskayaw.
  2095 | D:2      | Found a radiant altar of Vehumet.
  2975 | D:3      | Reached XP level 5. HP: 35/35 MP: 6/9
  3738 | D:4      | Found Jofo's Distillery.
  3743 | D:4      | Bought a potion of curing for 42 gold pieces
  3743 | D:4      | Bought a potion of degeneration for 14 gold pieces
  3743 | D:4      | Bought a potion of lignification for 42 gold pieces
  3866 | D:4      | Found Igharchi's Gadget Emporium.
  4430 | D:5      | Entered Level 5 of the Dungeon
  4526 | D:5      | Found a glowing drain.
  4530 | D:5      | Gained mutation: You are slightly more attuned to the
                  | shadows. [demonic ancestry]
  4530 | D:5      | Reached XP level 6. HP: 41/41 MP: 6/11
  4581 | Sewer    | Entered a sewer
  4587 | Sewer    | Learned a level 4 spell: Sticky Flame
  4704 | Sewer    | Noticed Purgy
  4719 | Sewer    | Killed Purgy
  5159 | D:4      | Bought a potion of agility for 56 gold pieces
  5159 | D:4      | Bought a potion of cancellation for 112 gold pieces
  5344 | D:5      | Learned a level 5 spell: Fireball
  5419 | D:5      | Noticed an ice beast
  5425 | D:5      | Killed an ice beast
  5425 | D:5      | Reached skill level 5 in Conjurations
  5425 | D:5      | Reached XP level 7. HP: 46/46 MP: 7/13
  5773 | D:5      | Reached skill level 5 in Fire Magic
  5808 | D:5      | Found a shadowy altar of Dithmenos.
  5945 | D:5      | Found a blossoming altar of Fedhas.
  5945 | D:5      | Found a sacrificial altar of Ru.
  7362 | D:6      | Gained mutation: You have a pair of small horns on your
                  | head. [demonic ancestry]
  7362 | D:6      | Reached XP level 8. HP: 41/52 MP: 9/14
  7572 | D:6      | Quit the game

Vault maps used:
D:1:      scummos_arrival_checkerplants
D:2:      kennysheep_six_static_rooms, gammafunk_temple_overflow_statue,
          serial_forest, infiniplex_forest_clump_double,
          infiniplex_forest_straight_4, infiniplex_forest_clump_long,
          infiniplex_forest_straight_3, first_ration, makhleb_heckhound_becter
D:3:      kennysheep_nondescript
D:4:      serial_shops, nicolae_shop_stone, shop, minmay_pentomino_pile
D:5:      lemuel_coloured_pillars_altar, gammafunk_temple_overflow_elements,
          gup_sewer_entry_pipe
D:6:      hangedman_abyss_or_decor_passed
Sewer:    sewer_the_crocodile

Skill      XL: |  1  2  3  4  5  6  7 |
---------------+----------------------+-----
Conjurations   | 2 3 5 6 |  6.3
Fire Magic     | 3 4 6 |  6.0
Spellcasting   | 3 4 |  4.0
Dodging        | |  1.7
Stealth        | |  1.7

Action                   |  1- 3 |  4- 6 |  7- 9 || total
-------------------------+-------+-------+-------++-------
Melee: Unarmed           |    23 |       |       ||    23
       Spear             |       |    50 |     2 ||    52
 Cast: Flame Tongue      |    43 |   130 |    41 ||   214
       Conjure Flame     |       |     2 |       ||     2
       Sticky Flame      |       |       |     3 ||     3
Evoke: Wand              |       |       |     1 ||     1
  Use: Scroll            |       |     1 |     2 ||     3
       Potion            |       |     1 |       ||     1
  Eat: Chunk             |     2 |    10 |     7 ||    19
       Ration            |       |     1 |       ||     1
Armor: Robe              |    35 |     5 |       ||    40
       Leather armour    |       |    52 |    14 ||    66
       Skin              |       |     6 |       ||     6
Dodge: Dodged            |    62 |    87 |    18 ||   167

Table legend:
 A = Non-vault XP
 B = Vault XP
 C = Vault XP percentage of total XP
 D = Non-vault monster count
 E = Vault monster count
 F = Vault count percentage of total count
                 A         B        C        D         E       F
            +---------+---------+-------+---------+---------+-------
      Total |    1279 |     255 |  16.6 |      86 |      21 |  19.6
            +---------+---------+-------+---------+---------+-------
        D:1 |      49 |       0 |   0.0 |      28 |       0 |   0.0
        D:2 |      69 |      53 |  43.4 |      17 |       6 |  26.1
        D:3 |      27 |       0 |   0.0 |       8 |       0 |   0.0
        D:4 |     129 |      50 |  27.9 |       9 |       5 |  35.7
        D:5 |     411 |       9 |   2.1 |       8 |       4 |  33.3
        D:6 |     594 |       0 |   0.0 |      16 |       0 |   0.0
      Sewer |       0 |     143 | 100.0 |       0 |       6 | 100.0
            +---------+---------+-------+---------+---------+-------
